 Dungeon Crawl Stone Soup version 0.17-a0-1939-ga475588 (webtiles) character file.

426 tp1 the Covered (level 6, 0/38 HPs)
             Began as a Gargoyle Berserker on Sept 29, 2015.
             Was a Priest of Trog.
             Slain by an adder (2 damage)
             ... on level 4 of the Dungeon.
             The game lasted 00:19:13 (2064 turns).

tp1 the Covered (Gargoyle Berserker)                Turns: 2064, Time: 00:19:13

Health: 0/38       AC: 13    Str: 22    XL:     6   Next: 97%
Magic:  6/6        EV: 11    Int:  8    God:    Trog [***...]
Gold:   94         SH:  0    Dex:  9    Spells: 0 memorised, 5 levels left

rFire  . . .     SeeInvis .     a - +0 hand axe
rCold  . . .     Clarity  .     m - +0 ring mail
rNeg   + . .     SustAt   .     (no shield)
rPois  ∞         Gourm    .     d - +0 helmet
rElec  +         Spirit   .     (no cloak)
rCorr  .         Warding  .     (no gloves)
rMut   .         Stasis   .     g - +0 pair of boots
MR     .....                    (no amulet)
Stlth  ..........               (no ring)
                                (no ring)

@: exhausted, slowed, very slow, not resistant to hostile enchantments,
extremely unstealthy
A: negative energy resistance 1, electricity resistance, unbreathing,
petrification resistance, rot immunity, AC +4
a: Burn Spellbooks, Berserk, Trog's Hand, Renounce Religion


You were on level 4 of the Dungeon.
You worshipped Trog.
Trog was most pleased with you.
You were hungry.

You visited 1 branch of the dungeon, and saw 4 of its levels.

You collected 94 gold pieces.

Inventory:

Hand weapons
 a - a +0 hand axe (weapon)
Armour
 b - a +0 animal skin
 d - a +0 helmet (worn)
 g - a +0 pair of boots (worn)
 h - a +0 leather armour
 m - a +0 ring mail (worn)
Scrolls
 e - a scroll of enchant weapon {unknown}
 f - a scroll of teleportation {unknown}
 o - 2 scrolls of enchant armour {unknown}
Potions
 i - 2 potions of might {unknown}
 j - a potion of magic {unknown}
 k - a potion of agility {unknown}
 l - a potion of poison {unknown}
Comestibles
 c - 3 bread rations
 n - a meat ration
 p - 5 chunks of flesh


   Skills:
 - Level 4.1 Fighting
 + Level 4.7 Axes
 * Level 5.5 Armour
 - Level 1.9 Dodging


You had 5 spell levels left.
You didn't know any spells.

Dungeon Overview and Level Annotations

Branches:
Dungeon (4/15)
 Temple: D:4-7

Altars:
Fedhas


Innate Abilities, Weirdness & Mutations

You are resistant to torment.
Your stone body is resilient (AC +4).
You are immune to poison.
You resist negative energy.
You are resistant to electric shocks.
You can survive without breathing.
You are immune to petrification.
You are immune to rotting.


Message History

The adder closely misses you. The ogre hits you with a giant club.
The adder bites you but does no damage. The ogre hits you with a giant club!!
Ouch! That really hurt!
* * * LOW HITPOINT WARNING * * *
The adder barely misses you.
You barely miss the ogre.
The ogre is almost dead.
You miss the adder.
The adder is severely wounded.
The adder bites you but does no damage. The ogre barely misses you.
The adder misses you.
You slash the ogre!
You kill the ogre!
Trog accepts your kill.
You hit the adder.
The adder is severely wounded.
The adder bites you.
* * * LOW HITPOINT WARNING * * *
The adder bites you.
You die...

... .....
..######.###########
#..#....)..)........
######..#.....###########
........#.....#
............###
....[.#.....#
#...........#
#......S@...#
#.......).### .#
.......$.>###+#.#
.......##....... .......
#......# ....... #......#
....!.. #......# .......
#......# #......#


You could see an adder.

Vanquished Creatures
  2 ogres (D:4)
  An orc priest (D:4)
  An orc wizard (D:4)
  A hound (D:4)
  The ghost of ololoev the Chopper, a weakling HOBe of Trog (D:3)
  7 adders
  An ooze (D:3)
  A worm (D:3)
  8 giant geckos
  4 orcs
  5 giant cockroaches
  8 hobgoblins
  3 jackals (D:2)
  5 kobolds
  2 quokkas (D:3)
  10 bats
  5 giant newts
  7 goblins
  A jackal skeleton (D:4)
  6 rats
79 creatures vanquished.

Notes
Turn   | Place    | Note
--------------------------------------------------------------
     0 | D:1      | tp1 the Gargoyle Berserker began the quest for the Orb.
     0 | D:1      | Reached XP level 1. HP: 14/14 MP: 1/1
   162 | D:1      | Reached XP level 2. HP: 14/20 MP: 2/2
   308 | D:1      | Reached skill level 4 in Fighting
   438 | D:2      | Reached XP level 3. HP: 13/24 MP: 3/3
   494 | D:2      | Acquired Trog's second power
   895 | D:2      | Reached XP level 4. HP: 25/29 MP: 4/4
  1141 | D:3      | Noticed ololoev's ghost (weakling HOBe)
  1154 | D:3      | Killed ololoev's ghost
  1176 | D:3      | Reached XP level 5. HP: 29/33 MP: 5/5
  1604 | D:3      | Found a blossoming altar of Fedhas.
  1959 | D:4      | Reached XP level 6. HP: 38/38 MP: 6/6
  2041 | D:4      | Noticed an ogre
  2048 | D:4      | Killed an ogre
  2048 | D:4      | Reached skill level 5 in Armour
  2054 | D:4      | Noticed an ogre
  2064 | D:4      | Killed an ogre
  2064 | D:4      | Slain by an adder

Vault maps used:
D:1:      saegor_arrival_simple_a
D:3:      fedhas_altar_2, first_bread
D:4:      elyvilon_altar_3

Action                   |  1- 3 |  4- 6 || total
-------------------------+-------+-------++-------
Melee: Hand axe          |   122 |   168 ||   290
Invok: Berserk           |     1 |     4 ||     5
       Trog's Hand       |       |     4 ||     4
  Eat: Chunk             |     1 |     8 ||     9
